 Dungeon Crawl Stone Soup version 0.29.1-15-g9cfb28693d (webtiles) character file.

Game seed: 5610543020603265064

19623 Farfigtubin the Basher (level 12, -8/104 HPs)
             Began as a Hill Orc Fighter on Feb 24, 2023.
             Was a High Priest of Beogh.
             Shot with a bolt by an orc knight (11 damage)
             ... on level 2 of the Orcish Mines on Feb 25, 2023.
             The game lasted 01:46:06 (14880 turns).

Farfigtubin the Basher (Hill Orc Fighter)          Turns: 14880, Time: 01:46:08

Health: -8/104     AC: 20    Str: 30    XL:     12   Next: 70%
Magic:  11/17      EV:  7    Int:  8    God:    Beogh [*****.]
Gold:   366        SH: 11    Dex: 10    Spells: 11/11 levels left

rFire   . . .      SeeInvis +   o - +2 mace (protect)
rCold   . . .      Faith    .   a - +0 kite shield
rNeg    . . .      Spirit   .   N - +0 plate armour
rPois   .          Reflect  .   t - +0 helmet
rElec   .          Harm     .   u - +1 cloak
rCorr   .          Rampage  .   k - +0 pair of gloves
Will    .....                   (no boots)
Stlth   ..........              E - amulet of the acrobat
HPRegen 0.27/turn               p - +6 ring of strength
MPRegen 0.15/turn               y - ring of see invisible

@: no status effects
A: walk on water
a: Renounce Religion, Smiting, Recall Orcish Followers, Give Item to Named
Follower


You were on level 2 of the Orcish Mines.
You worshipped Beogh.
Beogh was extremely pleased with you.
You visited 2 branches of the dungeon, and saw 14 of its levels.
You also visited: Bailey.

You collected 851 gold pieces.
You spent 485 gold pieces at shops.

Inventory:

Hand Weapons
 d - a +0 trident of protection
 o - a +2 mace of protection (weapon)
 q - the +6 rapier of the Maze {flame, rElec rPois Int+10 Dex-3}
   (You found it on level 8 of the Dungeon)

   It burns those it strikes, dealing additional fire damage.
   Int:       It affects your intelligence (+10).
   Dex:       It affects your dexterity (-3).
   rElec:     It insulates you from electricity.
   rPois:     It protects you from poison.
 L - a +3 war axe
 V - a +0 quarterstaff of freezing
Missiles
 i - 42 stones (quivered)
 F - a throwing net
 G - 12 boomerangs
 H - 3 curare-tipped darts
 K - 27 poisoned darts
 T - 10 javelins
Armour
 a - a +0 kite shield (worn)
 k - a +0 pair of gloves (worn)
 t - a +0 helmet (worn)
 u - a +1 cloak (worn)
 N - a +0 plate armour (worn)
Jewellery
 p - a +6 ring of strength (left hand)
 r - a +4 ring of protection
 v - a ring of wizardry
 x - a ring of magical power
 y - a ring of see invisible (right hand)
 E - an amulet of the acrobat (around neck)
 U - a ring of ice
Wands
 D - a wand of acid (9)
 J - a wand of polymorph (12)
 O - a wand of charming (3)
Scrolls
 c - a scroll of fog {unknown}
 f - 5 scrolls of teleportation
 m - 3 scrolls of identify {@r1}
 n - 4 scrolls of vulnerability {unknown}
 B - 2 scrolls of enchant armour {unknown}
 C - a scroll of magic mapping {unknown}
 I - 4 scrolls of immolation {unknown}
 P - a scroll of enchant weapon {unknown}
 R - a scroll of noise {unknown}
 S - a scroll of amnesia {unknown}
Potions
 b - 2 potions of flight
 e - 3 potions of berserk rage
 g - 2 potions of cancellation
 h - a potion of heal wounds
 j - a potion of mutation {unknown}
 s - 3 potions of curing
 w - 3 potions of lignification
 z - 2 potions of attraction
 A - 2 potions of ambrosia {unknown}
 M - a potion of invisibility {unknown}
 Q - 4 potions of might


   Skills:
 + Level 9.1 Fighting
 - Level 3.8(11.2) Axes
 - Level 13.8(14.0) Maces & Flails
 * Level 11.1 Armour
 + Level 10.9 Shields
 + Level 7.6 Invocations


You had 11 spell levels left.
You didn't know any spells.
Your spell library contained the following spells:

 Spells                   Type           Power      Damage    Failure   Level
 Apportation              Tloc           0%         N/A       99%         1
 Necrotise                Necr           0%         1d4       99%         1
 Summon Small Mammal      Summ           0%         N/A       99%         1
 Poisonous Vapours        Pois/Air       0%         N/A       100%        2
 Vampiric Draining        Necr           0%         2d6       100%        3
 Corpse Rot               Necr/Pois/Air  0%         N/A       100%        4
 Leda's Liquefaction      Hex/Erth       0%         N/A       100%        4
 Agony                    Necr           0%         N/A       100%        5
 Fireball                 Conj/Fire      0%         3d3       100%        5
 Lee's Rapid Deconstruct  Erth           0%         3d5*      100%        5
 Starburst                Conj/Fire      0%         6d3       100%        6
 Statue Form              Tmut/Erth      0%         N/A       100%        6
 Borgnjor's Revivificati  Necr           0%         N/A       100%        8
 Ignition                 Fire           0%         3d3       100%        8
 Necromutation            Tmut/Necr      0%         N/A       100%        8
 Death's Door             Necr           0%         N/A       100%        9


Dungeon Overview and Level Annotations

Branches:
Dungeon (12/15)            Temple (0/1) D:5            Lair (0/5) D:9
    Orc (2/2) D:9             Elf (0/3) Orc:2        Bailey (visited)

Altars:
Elyvilon
Gozag
Hepliaklqana
Sif Muna
Trog
Vehumet
Beogh

Shops:
D:3 *   D:6 !   D:11 !   Orc:2 !!

Annotations:
D:9 2 transporters, hbarley's ghost, journeyman HOFi


Message History

Your rust devil completely resists.
The bolt of fire hits your orc high priest!!
Your orc high priest dies!
Your rust devil disappears in a puff of smoke!
The bolt of fire hits Bogwik!!
The bolt of fire hits you but does no damage.
The bolt of fire hits your orc warrior!!
An orc sorcerer comes into view.
It is wielding a +0 dagger and wearing a +2 robe of willpower.
The soul eater hits Bogwik.
The soul eater drains Bogwik.
Your orc warrior hits the sixfirhy with a +0 vorpal trident!!
An orc knight comes into view. It is wielding a +0 dire flail.
What are your orders? t - Shout!
Orders for allies: a - Attack new target. p - Attack previous target. r - Retreat! s - Stop attacking. g - Guard the area. f - Follow me.
Anything else - Cancel.
Gang up on whom?
Press: ? - help, Dir - move target, f/p - orc sorcerer
Aim: an orc sorcerer, wielding a +0 dagger and wearing a +2 robe of willpower (strong, ally target)
Okay, then.
Aiming: Smiting
Press: ? - help, Dir - move target, f - orc sorcerer, p - orc sorcerer Smite: an orc sorcerer, wielding a +0 dagger and wearing a +2 robe of willpower (strong)
You smite the orc sorcerer!!
The orc sorcerer is almost dead.
Your orc knight roars a battlecry!
Your orc goes into a battle-frenzy!
An orc priest comes into view. It is wielding a +0 falchion.
The orc priest falls on its knees before you.
It asks, "Are you our saviour?"
Your orc priest invokes the aid of Beogh against the orc sorcerer.
The orc sorcerer is smitten.
The orc sorcerer dies!
Beogh accepts your kill.
Beogh blesses Wargath with a shield.
Wargath looks more experienced.
The soul eater misses Bogwik.
The orc knight shoots a bolt.
The bolt barely misses Bogwik.
The bolt hits you!
You die...
Beogh appreciates the orc knight's killing of a heretic priest.

### ##.## ##o)o##
..# ##o#o#.###..#
.......
##ooo#)oo###..##
......#.
##o@o###oo.###..##
.......# ##ooo##
##o.o###o.##
<...#.###. #33)##
##ooo.....##
.........# #§oo##
##ooo#....#
........# #§#o#
##ooo.#...
)......# #.3o.
##oo...#. $.....##
...o ##o)#)..
.......###...
##..o).#.
........###.
##..o)#)..


You could see 3 orc knights, a soul eater (summoned, ally target), a sixfirhy
(summoned, ally target), an orc sorcerer (strong, ally target), 2 friendly orc
knights, the friendly Bogwik the orc knight (strong, drained), 2 friendly orc
warriors, 3 friendly orc priests, the friendly Wargath the orc priest (strong),
a friendly orc wizard (strong, invisible) and 3 friendly orcs.

Vanquished Creatures
  Snorg (D:11)
  Erica (D:8)
  A two-headed ogre (D:9)
  An orc high priest (Orc:2)
  Urug (Orc:1)
  Sonja (Orc:2)
  An orc knight (Orc:2)
  A kobold demonologist (D:11)
  An unseen horror (D:11)
  A gargoyle (D:11)
  3 trolls
  A hornet (D:8)
  Grinder (D:5)
  Prince Ribbit (D:5)
  Sigmund (D:6)
  A shadow (D:11)
  4 wyverns
  4 yaks
  4 humans (D:7)
  A basilisk (D:9)
  2 steam dragons
  2 vampire mosquitoes (D:11)
  A warg (Orc:2)
  A water moccasin (D:7)
  6 orc warriors
  A sky beast (D:7)
  2 ice beasts (D:6)
  A black bear (D:5)
  7 ogres
  6 centaurs
  Blork the orc (D:5)
  A phantom (D:6)
  A kobold brigand (D:10)
  A bullfrog (D:7)
  A gnoll sergeant (D:10)
  5 scorpions
  9 wights
  13 killer bees
  5 howler monkeys
  2 hounds (D:5)
  A jelly (D:4)
  3 orc priests
  4 gnoll boudas
  3 iguanas
  3 orc wizards
  Robin (D:2)
  17 gnolls
  4 adders
  A shadow imp (D:6)
  A white imp (D:7)
  An ufetubus (D:6)
  A worm (D:3)
  6 dart slugs
  20 orcs
  7 bats
  7 endoplasms
  4 giant cockroaches
  27 goblins
  13 hobgoblins
  9 jackals (D:3)
  6 kobolds
  A quokka (D:2)
  6 ball pythons
  3 frilled lizards
  3 rats
251 creatures vanquished.

Vanquished Creatures (collateral kills)
  Gastronok (D:11)
  Fannar (D:11)
  A hydra (D:11)
  An ogre mage (Orc:1)
  2 two-headed ogres (Orc:1)
  A soul eater (Orc:2)
  A sixfirhy (Orc:2)
  Pikel (D:9)
  An orc sorcerer (Orc:2)
  A cyclops (D:11)
  An orange demon (Orc:2)
  2 kobold demonologists (D:11)
  A gargoyle (D:12)
  A komodo dragon (D:9)
  A red devil (Orc:2)
  2 trolls
  A wraith (D:11)
  A wyvern (D:9)
  2 basilisks (D:9)
  6 yaks
  2 steam dragons (D:8)
  2 vampire mosquitoes (D:11)
  A warg (Orc:2)
  A swamp drake (D:9)
  8 orc warriors
  4 ogres
  A kobold brigand (D:8)
  2 wights
  14 killer bees
  A howler monkey (D:11)
  A gnoll bouda (D:9)
  7 orc priests (Orc:2)
  2 orc wizards
  9 gnolls
  11 orcs
  3 kobolds
98 creatures vanquished.

Vanquished Creatures (others)
  An orc high priest (Orc:2)
  5 orc warriors (Orc:2)
  A kobold brigand (D:11)
  A killer bee (D:8)
  6 orc priests
  An iguana (D:5)
  7 orc wizards
  30 orcs
  2 kobolds (D:11)
  A butterfly (D:6)
  6 fungi (D:9)
  8 plants
69 creatures vanquished.

Grand Total: 418 creatures vanquished

Notes
Turn   | Place    | Note
-------+----------+-------------------------------------------
     0 | D:1      | Farfigtubin the Hill Orc Fighter began the quest for the
                  | Orb.
     0 | D:1      | Reached XP level 1. HP: 19/19 MP: 1/1
   152 | D:1      | Reached XP level 2. HP: 27/27 MP: 2/2
   426 | D:3      | Reached XP level 3. HP: 30/33 MP: 3/3
  1377 | D:2      | Reached skill level 1 in Maces & Flails
  1377 | D:2      | Reached XP level 4. HP: 40/40 MP: 4/4
  1400 | D:2      | Noticed Robin
  1455 | D:2      | Killed Robin
  2017 | D:4      | Noticed an ogre
  2049 | D:3      | Reached skill level 2 in Maces & Flails
  2263 | D:3      | Found Guoruc's Assorted Antiques.
  2340 | D:4      | Reached XP level 5. HP: 42/46 MP: 5/5
  2349 | D:5      | Entered Level 5 of the Dungeon
  2349 | D:5      | Found a staircase to the Ecumenical Temple.
  2350 | D:5      | Became a worshipper of Beogh the Brigand
  2750 | D:3      | Found a shimmering blue altar of Sif Muna.
  2848 | D:3      | Identified the +9 quarterstaff "Feun" {venom, SInv Stlth+}
  2926 | D:4      | Found a hazy altar of Hepliaklqana.
  3081 | D:4      | Reached skill level 3 in Maces & Flails
  3431 | D:5      | Reached XP level 6. HP: 42/52 MP: 6/6
  3626 | D:5      | Reached * piety under Beogh
  3711 | D:5      | Reached skill level 4 in Maces & Flails
  3736 | D:5      | Reached skill level 5 in Armour
  3736 | D:5      | Reached skill level 5 in Shields
  3736 | D:5      | Reached XP level 7. HP: 50/59 MP: 7/7
  3888 | D:5      | Noticed Prince Ribbit
  3903 | D:5      | Killed Prince Ribbit
  3904 | D:5      | Reached skill level 5 in Maces & Flails
  4283 | D:5      | Noticed Grinder
  4305 | D:5      | Reached skill level 6 in Maces & Flails
  4305 | D:5      | Reached XP level 8. HP: 50/66 MP: 8/8
  4333 | D:5      | Killed Grinder
  4702 | D:5      | Noticed Blork the orc
  4740 | D:5      | Killed Blork the orc
  4947 | D:6      | Reached skill level 7 in Maces & Flails
  5119 | D:6      | Found a white marble altar of Elyvilon.
  5169 | D:6      | Found Zito's Distillery.
  5180 | D:6      | Bought a potion of haste for 100 gold pieces
  5180 | D:6      | Bought a potion of degeneration for 10 gold pieces
  5321 | D:6      | Noticed Sigmund
  5345 | D:6      | Killed Sigmund
  5346 | D:6      | Reached skill level 8 in Maces & Flails
  5351 | D:6      | Reached XP level 9. HP: 65/71 MP: 9/9
  5404 | D:6      | Found a radiant altar of Vehumet.
  5751 | D:7      | Reached ** piety under Beogh
  5785 | D:7      | Reached skill level 9 in Maces & Flails
  5992 | D:7      | Found a flagged portal.
  5998 | Bailey   | Entered a bailey
  6151 | Bailey   | Noticed an orc knight
  6501 | D:7      | Reached skill level 10 in Maces & Flails
  6639 | D:7      | Reached XP level 10. HP: 78/80 MP: 10/10
  6665 | D:7      | Reached *** piety under Beogh
  7012 | D:7      | Reached skill level 5 in Fighting
  7286 | D:7      | Found an opulent altar of Gozag.
  7530 | D:8      | Noticed Erica
  7542 | D:8      | Killed Erica
  7547 | D:8      | Gained Bogwik as an ally
  7550 | D:8      | Reached skill level 11 in Maces & Flails
  7770 | D:8      | Reached skill level 1 in Invocations
  7897 | D:8      | Identified the +6 rapier of the Maze {flame, rElec rPois
                  | Int+10 Dex-3}
  8554 | D:9      | Noticed Pikel
  8562 | D:9      | Killed Pikel
  8569 | D:9      | Noticed a tengu warrior
  8569 | D:9      | Noticed hbarley's ghost (journeyman HOFi)
  8572 | D:9      | Noticed a moth of wrath
  8572 | D:9      | Noticed a two-headed ogre
  8572 | D:9      | Noticed a two-headed ogre
  8578 | D:9      | Reached **** piety under Beogh
  8934 | D:9      | Identified the +3 leather armour "Naegisk" {Dex+6}
  8946 | D:9      | Identified the +3 leather armour "Valihuli" {rC+ Str+3
                  | Dex-4}
  8951 | D:9      | Noticed a two-headed ogre
  8958 | D:9      | Killed a two-headed ogre
  8959 | D:9      | Reached XP level 11. HP: 87/91 MP: 13/13
  8973 | D:9      | Found a bloodstained altar of Trog.
  8974 | D:9      | Found a transporter.
  8980 | D:9      | Found a transporter.
  9004 | D:9      | Reached skill level 12 in Maces & Flails
  9600 | D:9      | Found a staircase to the Lair.
  9972 | D:9      | Reached ***** piety under Beogh
 10329 | D:9      | Found a roughly hewn altar of Beogh.
 10329 | D:9      | Found a staircase to the Orcish Mines.
 10713 | D:10     | Entered Level 10 of the Dungeon
 10895 | D:10     | Reached skill level 5 in Invocations
 11862 | D:11     | Noticed Gastronok
 11874 | D:11     | Killed Gastronok
 11875 | D:11     | Reached skill level 10 in Armour
 11985 | D:11     | Reached skill level 10 in Shields
 12118 | D:11     | Found Simipor's Distillery.
 12126 | D:11     | Bought a potion of berserk rage for 70 gold pieces
 12126 | D:11     | Bought a potion of might for 56 gold pieces
 12126 | D:11     | Bought a potion of flight for 42 gold pieces
 12157 | D:11     | Noticed Snorg
 12168 | D:11     | Killed Snorg
 12168 | D:11     | Gained Ugrim as an ally
 12169 | D:11     | Reached skill level 13 in Maces & Flails
 12576 | D:11     | Noticed a six-headed hydra
 12581 | D:11     | Killed a six-headed hydra
 12582 | D:11     | Reached XP level 12. HP: 91/101 MP: 16/16
 13088 | D:11     | Noticed Fannar
 13123 | D:11     | Killed Fannar
 13495 | D:12     | Identified the +7 dagger of the Dwarven Hall {antimagic,
                  | Drain Fly Str+2 Dex+2}
 13669 | Orc:1    | Entered Level 1 of the Orcish Mines
 13690 | Orc:1    | Found a roughly hewn altar of Beogh.
 13701 | Orc:1    | Noticed Urug
 13701 | Orc:1    | Noticed a two-headed ogre
 13701 | Orc:1    | Noticed an ogre mage
 13702 | Orc:1    | Noticed a two-headed ogre
 13713 | Orc:1    | Killed a two-headed ogre
 13720 | Orc:1    | Killed Urug
 13722 | Orc:1    | Killed a two-headed ogre
 13725 | Orc:1    | Killed an ogre mage
 14276 | Orc:2    | Entered Level 2 of the Orcish Mines
 14276 | Orc:2    | Noticed Sonja
 14276 | Orc:2    | Noticed an orc high priest
 14281 | Orc:2    | Killed Sonja
 14286 | Orc:2    | Killed an orc high priest
 14307 | Orc:2    | Found a staircase to the Elven Halls.
 14469 | Orc:2    | Found Fooqau's Distillery.
 14475 | Orc:2    | Found Ubuurph's Distillery.
 14834 | Orc:2    | Bought a potion of might for 60 gold pieces
 14834 | Orc:2    | Bought a potion of heal wounds for 75 gold pieces
 14836 | Orc:2    | Bought a potion of might for 72 gold pieces
 14851 | Orc:2    | Noticed a soul eater
 14859 | Orc:2    | Killed a soul eater
 14863 | Orc:2    | Noticed an orc high priest
 14864 | Orc:2    | Noticed a sun demon
 14872 | Orc:2    | Noticed a soul eater
 14875 | Orc:2    | HP: 2/104 [orc high priest/+0 scimitar (21)]
 14877 | Orc:2    | Your ally Ugrim died
 14880 | Orc:2    | Gained Wargath as an ally
 14880 | Orc:2    | Shot with a bolt by an orc knight

Illustrated notes

Levels and vault maps discovered:
D:1:      shiori_shiawase, layout_basic
D:2:      layout_basic, uniq_robin
D:3:      layout_basic, led_sif_book, serial_shops,
          nicolae_shop_window_shopping, serial_curves, eino_curves_04,
          eino_curves_03, serial_bayou_lagoon_a, chequers_decorated_corner,
          minmay_misc_feat_rows, st_stairs_4
D:4:      layout_cave_pools, mainiacjoe_overflow_alcove_4,
          nicolae_hepliaklqana_hazy_memory, uniq_crazy_yiuf_cottage
D:5:      layout_cave_pods, temple_statues, uniq_prince_ribbit1,
          uniq_blork_the_orc, uniq_grinder
D:6:      layout_loops_ring, nicolae_elyvilon_peaceful_grove,
          nicolae_vehumet_radiance, serial_shops, shop, uniq_sigmund
D:7:      layout_loops_ring, grunt_gozag_statues, enter_bailey_3,
          minmay_ruffians
D:8:      layout_rooms, due_unseen_surprise, uniq_erica
D:9:      kennysheep_seaside_town, layout_cave_pools, erik_lair_dragon,
          david_orc_5, gammafunk_ghost_wrathful_warriors, uniq_pikel
D:10:     layout_roguey, grunt_decor_resistance, serial_park_tiny_2
D:11:     layout_basic, serial_shops, nicolae_shop_crystal, abandoned_shop,
          uniq_snorg, uniq_fannar, uniq_gastronok
D:12:     layout_basic, special_room [special_room_bee]
Orc:1:    layout_caves, hellmonk_bongcloud_opening, mines1_david, uniq_urug
Orc:2:    pf_orc_diabolical, layout_caves, serial_shops, nicolae_lakefront_shop,
          elf_legates, uniq_sonja, uniq_erolcha, uniq_azrael

Skill      XL: |  1  2  3  4  5  6  7  8  9 10 11 12 |
---------------+-------------------------------------+-----
Axes           | 3 |  3.8
Fighting       | 4 6 8 9 |  9.1
Maces & Flails | 1 2 3 4 6 8 10 11 13 | 13.8
Armour         | 4 5 6 8 9 10 11 | 11.1
Shields        | 4 5 7 8 9 10 | 10.9
Invocations    | 3 5 7 |  7.6

Action                   |  1- 3 |  4- 6 |  7- 9 | 10-12 || total
-------------------------+-------+-------+-------+-------++-------
Melee: War axe           |    81 |       |       |       ||    81
       Mace              |    12 |   212 |   395 |   584 ||  1203
Throw: Dart              |       |     7 |     1 |     3 ||    11
       Stone             |       |     2 |       |       ||     2
       Boomerang         |       |       |       |     1 ||     1
Invok: Convert to Beogh  |       |     1 |       |       ||     1
       Smiting           |       |       |     1 |     4 ||     5
       Recall Orcish Fol |       |       |       |     1 ||     1
  Use: Scroll            |       |     1 |     2 |     4 ||     7
       Potion            |       |       |     2 |     8 ||    10
 Stab: Distracted        |       |       |       |     3 ||     3
Armor: Scale mail        |    46 |       |       |       ||    46
       Chain mail        |     5 |   125 |   224 |    42 ||   396
       Plate armour      |       |       |       |   460 ||   460
Dodge: Dodged            |    48 |    71 |   142 |   220 ||   481
Block: Buckler           |    23 |    63 |    90 |    27 ||   203
       Kite shield       |       |       |       |   296 ||   296
